 Dungeon Crawl Stone Soup version 0.23.0 (webtiles) character file.

Game seed: 18186508858256586393

32 Enish the Chopper (level 3, -1/33 HPs)
             Began as a Minotaur Berserker on Feb 17, 2019.
             Was a Follower of Trog.
             Slain by an adder (2 damage)
             ... on level 2 of the Dungeon.
             The game lasted 00:00:35 (629 turns).

Enish the Chopper (Minotaur Berserker)               Turns: 629, Time: 00:00:35

Health: -1/33      AC:  3    Str: 20    XL:     3   Next: 10%
Magic:  2/2        EV: 12    Int:  4    God:    Trog [*.....]
Gold:   93         SH:  0    Dex:  9    Spells: 2/2 levels left

rFire    + . .     SeeInvis .   a - +0 hand axe
rCold    + . .     Gourm    .   (no shield)
rNeg     . . .     Faith    .   b - +0 animal skin
rPois    .         Spirit   .   (helmet restricted)
rElec    .         Reflect  .   n - scarf {rC+ rF+}
rCorr    .         Harm     .   (no gloves)
MR       .....                  m - +0 pair of boots
Stlth    +.........             (no amulet)
HPRegen  0.11/turn              k - -2 ring of strength (curse)
MPRegen  0.08/turn              (no ring)

@: berserk cooldown, flying, slowed, very slow
A: retaliatory headbutt, horns 2
a: Berserk, Renounce Religion


You were on level 2 of the Dungeon.
You worshipped Trog.
Trog was aware of your devotion.
You were not hungry.

You visited 1 branch of the dungeon, and saw 2 of its levels.

You collected 93 gold pieces.

Inventory:

Hand Weapons
 a - a +0 hand axe (weapon)
Armour
 b - a +0 animal skin (worn)
 m - a +0 pair of boots (worn)
   (You found it on level 1 of the Dungeon)
 n - a scarf of resistance (worn)
   (You found it on level 2 of the Dungeon)
Jewellery
 k - a cursed -2 ring of strength (left hand)
   (You found it on level 1 of the Dungeon)
Scrolls
 c - 2 scrolls of remove curse {unknown}
 d - a scroll of immolation {unknown}
 f - a scroll of teleportation {unknown}
 h - a scroll of noise {unknown}
 j - a scroll of identify {unknown}
 o - a scroll of magic mapping {unknown}
Potions
 l - a potion of curing {unknown}
Comestibles
 e - 3 rations
 i - 2 chunks of flesh


   Skills:
 + Level 4.0 Fighting
 + Level 4.1 Axes
 + Level 3.0 Armour
 + Level 2.7 Dodging


You had 2 spell levels left.
You didn't know any spells.
Your spell library was empty.

Dungeon Overview and Level Annotations

Branches:
Dungeon (2/15)

Altars:


Innate Abilities, Weirdness & Mutations

You reflexively headbutt those who attack you in melee.
You have a pair of horns on your head.


Message History

The gnoll hits you with a +0 halberd!
There are monsters nearby!
You are too injured to fight recklessly!
There are monsters nearby!
You are too injured to fight recklessly!
You are too injured to fight recklessly!
You hit the gnoll.
The gnoll is heavily wounded.
The gnoll barely misses you. The adder barely misses you.
You hit the gnoll. Your headbutt misses the gnoll.
The gnoll is severely wounded.
You miss the adder. The adder misses you. You furiously retaliate!
You headbutt the adder! The gnoll misses you. The adder misses you.
The gnoll hits you with a +0 halberd!
* * * LOW HITPOINT WARNING * * *
Some of the chunks of flesh in your inventory have rotted away.
It was a potion of flight.
You feel very buoyant.
You fly up into the air.
The adder bites you.
You die...

###.###### #...# %....
#.#.# ..... #.###
######### ...... #.#
#[......# .....[ #.#
#.?.....##......
..#######>......#.......
..'...÷.................
..#######(..†)).@g......
..# #†.......S...... ###
#................
#......######....
#......# ... #......# ..
#......# . #......#


You could see a gnoll and an adder.

Vanquished Creatures
  2 gnolls (D:2)
  3 bats
  2 goblins
  2 kobolds (D:2)
  3 frilled lizards (D:1)
  3 rats
15 creatures vanquished.

Notes
Turn   | Place    | Note
-------+----------+-------------------------------------------
     0 | D:1      | Enish the Minotaur Berserker began the quest for the Orb.
     0 | D:1      | Reached XP level 1. HP: 19/19 MP: 0/0
   506 | D:2      | Reached XP level 2. HP: 27/27 MP: 1/1
   621 | D:2      | Reached XP level 3. HP: 33/33 MP: 2/2
   628 | D:2      | HP: 1/33 [gnoll/+0 halberd (10)]
   629 | D:2      | Slain by an adder

Skill      XL: |  1  2 |
---------------+-------+-----
Fighting       | 4 |  4.0
Axes           | 4 |  4.1
Armour         | 3 |  3.0
Dodging        | |  2.7

Action                   || total
-------------------------++-------
Melee: Hand axe          ||    27
       Headbutt          ||     1
Invok: Berserk           ||     1
  Use: Potion            ||     1
Armor: Animal skin       ||     4
Dodge: Dodged            ||    23
